 Dungeon Crawl Stone Soup version 0.31.0-11-ge490571c62 (webtiles) character file.

Game seed: 8794099653883664699

16574 Arcadio the Thaumaturge (level 12, -15/106 HPs)
             Began as a Grey Draconian Air Elementalist on Jan 29, 2024.
             Was a High Priest of Sif Muna.
             Demolished by an orc warlord
             ... wielding a +0 battleaxe
              (28 damage)
             ... on level 1 of the Orcish Mines.
             The game lasted 00:33:09 (18504 turns).

Arcadio the Thaumaturge (DrAE)                     Turns: 18504, Time: 00:33:09

Health: -15/106    AC: 17    Str: 11    XL:     12   Next: 11%
Magic:  4/38       EV: 15    Int: 33    God:    Sif Muna [*****.]
Gold:   1079       SH:  0    Dex: 12    Spells: 25/35 levels left

rFire   x . .        H - +5 demon blade (drain)
rCold   + . .        (no shield)
rNeg    + . .        (body armour unavailable)
rPois   .            R - +3 hat of Pondering {ponderous, Will+ MP+10 Int+5}
rElec   .            n - +0 cloak
rCorr   .            (no gloves)
SInv    .            (no boots)
Will    +....        T - amulet of faith
Stlth   +++          p - ring of Ciuntuj {Fly rF- rN+ Int+8 Stlth+}
HPRegen 0.37/turn    q - ring of protection from cold
MPRegen 0.26/turn

%: faith
@: sluggish, flying, very slow
A: AC +13, amphibious, unfitting armour, cold-blooded
a: Renounce Religion, Channel Magic, Forget Spell, Divine Exegesis


You were on level 1 of the Orcish Mines.
You worshipped Sif Muna.
Sif Muna was extremely pleased with you.
You visited 3 branches of the dungeon, and saw 14 of its levels.

You collected 1079 gold pieces.

Inventory:

Hand Weapons
 f - a +2 vampiric dagger
 H - a +5 demon blade of draining (weapon)
 J - a +5 battleaxe
 M - a +4 dagger of distortion
 U - a +2 morningstar of flaming
Missiles
 C - 2 throwing nets
Armour
 n - a +0 cloak (worn)
 R - the +3 hat of Pondering (worn) {ponderous, Will+ MP+10 Int+5}
   (You took it off Gastronok on level 10 of the Dungeon)

   Int+5:     It affects your intelligence (+5).
   Will+:     It increases your willpower.
   MP+10:     It affects your magic capacity (+10).
Jewellery
 p - the ring of Ciuntuj (left hand) {Fly rF- rN+ Int+8 Stlth+}
   (You found it on level 3 of the Dungeon)

   [ring of positive energy]

   Int+8:     It affects your intelligence (+8).
   rF-:       It makes you vulnerable to fire.
   rN+:       It protects you from negative energy.
   Fly:       It grants you flight.
   Stlth+:    It makes you more stealthy.
 q - a ring of protection from cold (right hand)
 v - an amulet of magic regeneration
 w - a +6 ring of strength
 O - an amulet of reflection
 S - a ring of protection from fire
 T - an amulet of faith (around neck)
Wands
 r - a wand of iceblast (4)
 E - a wand of quicksilver (26)
 P - a wand of mindburst (9)
 Q - a wand of polymorph (3)
Scrolls
 a - 3 scrolls of amnesia {unknown}
 c - 2 scrolls of teleportation
 d - 2 scrolls of blinking
 h - 3 scrolls of immolation
 k - a scroll of acquirement {unknown}
 m - 3 scrolls of poison {unknown}
 o - 4 scrolls of revelation
 s - a scroll of torment {unknown}
 t - 2 scrolls of brand weapon {unknown}
 y - a scroll of summoning {unknown}
 z - a scroll of noise {unknown}
 B - 2 scrolls of fear {unknown}
 G - a scroll of enchant armour {unknown}
 I - a scroll of silence {unknown}
 L - a scroll of vulnerability {unknown}
Potions
 b - 4 potions of enlightenment
 e - a potion of heal wounds {unknown}
 g - a potion of resistance {unknown}
 i - 4 potions of attraction
 j - 6 potions of mutation
 l - 4 potions of curing
 u - a potion of invisibility {unknown}
 A - a potion of haste {unknown}
 D - 3 potions of lignification {unknown}
 F - a potion of brilliance {unknown}
 K - a potion of degeneration {unknown}
 N - a potion of magic


   Skills:
 + Level 10.1 Fighting
 + Level 8.6 Dodging
 - Level 1.7 Stealth
 + Level 12.2 Spellcasting
 - Level 5.3 Conjurations
 - Level 5.1 Air Magic


You had 25 spell levels left.
You knew the following spells:

 Your Spells              Type           Power      Damage    Failure   Level
a - Shock                 Conj/Air       100%       1d9       1%          1
b - Static Discharge      Conj/Air       100%       3-8/arc   1%          2
c - Swiftness             Air            52%        N/A       1%          3
d - Airstrike             Air            26%        2d(4-20)  2%          4

Your spell library contained the following spells:

 Spells                   Type           Power      Damage    Failure   Level
 Kiss of Death            Conj/Necr      100%       2d13      1%          1
 Magic Dart               Conj           100%       1d8       1%          1
 Searing Ray              Conj           100%       2d8       1%          2
 Slow                     Hex            80%        N/A       2%          1
 Confusing Touch          Hex            20%        N/A       7%          3
 Sigil of Binding         Hex            20%        N/A       7%          3
 Vampiric Draining        Necr           20%        2d7       7%          3
 Fulminant Prism          Conj/Alch      18%        3d10      8%          4
 Animate Dead             Necr           20%        N/A       22%         4
 Dispel Undead            Necr           20%        3d11      22%         4
 Haunt                    Necr/Summ      10%        N/A       100%        7
 Infestation              Necr           10%        N/A       100%        8


Dungeon Overview and Level Annotations

Branches:
Dungeon (11/15)            Temple (1/1) D:4            Lair (0/5) D:9
    Orc (2/2) D:10
    Elf: Orc:2

Altars:
Ashenzari
Cheibriados
Dithmenos
Elyvilon
Fedhas
Gozag
Hepliaklqana
Kikubaaqudgha
Makhleb
Nemelex Xobeh
Okawaru
Qazlal
Ru
Sif Muna
Trog
Uskayaw
Vehumet
Wu Jian
Xom
Yredelemnul
Zin
The Shining One

Shops:
Orc:1 *


Innate Abilities, Weirdness & Mutations

Your dull iron-grey scales are very hard. (AC +13)
You are amphibious.
You cannot fit into any form of body armour.
You are cold-blooded and may be slowed by cold attacks.


Message History

Aiming: Airstrike (mildly dangerous; 2% risk of failure)
Press: ? - help, Dir - move target, f/p - orc warlord
Aim: an orc warlord, wielding a +0 battleaxe and wearing a +3 plate armour (heavily wounded, empty space bonus: 7/8)
The air twists around and strikes the orc warlord.
The orc warlord is heavily wounded.
The orc warlord hits you but does no damage.
Unknown command.
Casting: Airstrike (mildly dangerous; 2% risk of failure)
Confirm with . or Enter, or press ? or * to list all spells.
Aiming: Airstrike (mildly dangerous; 2% risk of failure)
Press: ? - help, Dir - move target, f/p - orc warlord
Aim: an orc warlord, wielding a +0 battleaxe and wearing a +3 plate armour (heavily wounded, empty space bonus: 7/8)
The air twists around and strikes the orc warlord but does no damage.
You start to feel a little slower.
The orc warlord completely misses you.
Unknown command.
Casting: Airstrike (mildly dangerous; 2% risk of failure)
Confirm with . or Enter, or press ? or * to list all spells.
Aiming: Airstrike (mildly dangerous; 2% risk of failure)
Press: ? - help, Dir - move target, f/p - orc warlord
Aim: an orc warlord, wielding a +0 battleaxe and wearing a +3 plate armour (heavily wounded, empty space bonus: 7/8)
The air twists around and strikes the orc warlord!
The orc warlord is heavily wounded.
The orc warlord hits you with a +0 battleaxe!!
Unknown command.
Casting: Airstrike (mildly dangerous; 2% risk of failure)
Confirm with . or Enter, or press ? or * to list all spells.
Aiming: Airstrike (mildly dangerous; 2% risk of failure)
Press: ? - help, Dir - move target, f/p - orc warlord
Aim: an orc warlord, wielding a +0 battleaxe and wearing a +3 plate armour (heavily wounded, empty space bonus: 7/8)
The air twists around and strikes the orc warlord!
The orc warlord is heavily wounded.
The orc warlord hits you with a +0 battleaxe!!
* * * LOW HITPOINT WARNING * * *
You feel sluggish.
The orc warlord attacks as it pursues you!
The orc warlord hits you with a +0 battleaxe!
* * * LOW HITPOINT WARNING * * *
The orc warlord hits you with a +0 battleaxe!!
You die...

###....#.## #
##.#.......####
####.........###.#
##.###.[[)..)......
#...#.#.....[......
##...........#..#..
##....).....##.#..
##................
##@#...............
#.o................
##..#...>......>...
#..................
##................#
#.................#
##.................
###...............
#...#....#.#.....


You could see an orc warlord.

Vanquished Creatures
  Gastronok (D:10)
  A two-headed ogre (D:9)
  An ugly thing (D:10)
  3 orc knights
  4 orc sorcerers
  A kobold blastminer (Orc:2)
  Joseph (D:8)
  A gargoyle (D:10)
  2 kobold demonologists (D:9)
  Psyche (D:8)
  7 trolls
  A hornet (D:8)
  A wraith (D:9)
  6 wargs
  A steam dragon (D:4)
  2 vampire mosquitoes (D:10)
  An acid dragon (D:10)
  A water moccasin (D:5)
  A black bear (D:5)
  24 orc warriors
  A sky beast (D:6)
  3 ogres
  2 wolves (D:9)
  5 kobold brigands
  7 bullfrogs
  6 scorpions
  10 wights
  8 killer bees
  4 howler monkeys
  7 hounds
  4 jellies
  2 bombardier beetles
  16 orc priests
  4 iguanas
  3 gnoll boudas
  2 sleepcaps
  12 orc wizards
  17 gnolls
  5 adders
  A white imp (D:5)
  2 ribbon worms
  4 dart slugs
  44 orcs
  7 ball pythons
  6 endoplasms
  5 giant cockroaches
  4 goblins
  7 hobgoblins
  6 jackals
  5 quokkas
  7 bats
  6 frilled lizards
  23 kobolds
  2 rats (D:1)
308 creatures vanquished.

Notes
Turn   | Place    | Note
-------+----------+-------------------------------------------
     0 | D:1      | Arcadio the Draconian Air Elementalist began the quest for
                  | the Orb.
     0 | D:1      | Reached XP level 1. HP: 14/14 MP: 3/3
   266 | D:1      | Reached XP level 2. HP: 17/20 MP: 0/5
   975 | D:2      | Learned a level 2 spell: Static Discharge
  1066 | D:2      | Found a faded altar of an unknown god.
  1112 | D:2      | Reached XP level 3. HP: 26/26 MP: 3/6
  1708 | D:3      | Reached skill level 3 in Spellcasting
  1708 | D:3      | Reached XP level 4. HP: 23/33 MP: 3/8
  1952 | D:3      | Found a blossoming altar of Fedhas.
  2000 | D:3      | Noticed a scorpion
  2004 | D:3      | Killed a scorpion
  2005 | D:3      | Reached XP level 5. HP: 16/38 MP: 0/9
  2598 | D:3      | Identified the ring of Ciuntuj {Fly rF- rN+ Int+8 Stlth+}
  3112 | D:4      | Noticed a steam dragon
  3350 | D:3      | Learned a level 3 spell: Swiftness
  3355 | D:3      | Learned a level 4 spell: Airstrike
  3723 | D:4      | Reached XP level 6. HP: 14/45 MP: 2/11
  4171 | D:4      | Found a shimmering blue altar of Sif Muna.
  4182 | D:4      | Became a worshipper of Sif Muna the Loreminder
  4216 | D:4      | Killed a steam dragon
  4217 | D:4      | Reached skill level 4 in Spellcasting
  4217 | D:4      | Reached skill level 5 in Air Magic
  4500 | D:4      | Found a staircase to the Ecumenical Temple.
  4506 | Temple   | Entered the Ecumenical Temple
  4821 | D:4      | Found a snail-covered altar of Cheibriados.
  4848 | D:4      | Found a hazy altar of Hepliaklqana.
  4853 | D:4      | Your scales start taking on a dull iron-grey colour.
  4853 | D:4      | Reached XP level 7. HP: 50/50 MP: 7/13
  4909 | D:5      | Entered Level 5 of the Dungeon
  4942 | D:5      | HP: 2/50 [gnoll/+0 whip[a gnoll bouda] (3)]
  5650 | D:5      | Reached skill level 5 in Spellcasting
  5656 | D:5      | Reached skill level 5 in Conjurations
  5939 | D:5      | Reached * piety under Sif Muna
  5940 | D:5      | Reached skill level 5 in Air Magic
  6156 | D:5      | Reached XP level 8. HP: 57/57 MP: 12/15
  6627 | D:6      | Reached skill level 6 in Spellcasting
  6962 | D:6      | Reached skill level 7 in Spellcasting
  7281 | D:6      | Found an ancient bone altar of Kikubaaqudgha.
  8102 | D:7      | Reached skill level 8 in Spellcasting
  8131 | D:7      | Reached XP level 9. HP: 39/62 MP: 11/21
  8135 | D:7      | Reached ** piety under Sif Muna
  8376 | D:7      | Reached skill level 9 in Spellcasting
  8894 | D:7      | Reached skill level 1 in Fighting
  9449 | D:8      | Noticed a troll
  9449 | D:8      | Noticed Joseph
  9538 | D:8      | Noticed Psyche
  9541 | D:8      | Killed Psyche
  9765 | D:8      | Killed a troll
  9869 | D:8      | Killed Joseph
  9870 | D:8      | Reached XP level 10. HP: 62/80 MP: 9/23
 10322 | D:9      | Noticed a smoke demon
 10466 | D:9      | Reached *** piety under Sif Muna
 10668 | D:9      | Reached skill level 5 in Fighting
 10668 | D:9      | Reached skill level 10 in Spellcasting
 11189 | D:9      | Reached skill level 5 in Dodging
 11704 | D:9      | Found a staircase to the Lair.
 11931 | D:9      | Noticed a two-headed ogre
 11936 | D:9      | Killed a two-headed ogre
 12412 | D:10     | Entered Level 10 of the Dungeon
 12412 | D:10     | Noticed a gargoyle
 12417 | D:10     | Killed a gargoyle
 12625 | D:10     | Noticed Gastronok
 12641 | D:10     | Killed Gastronok
 13065 | D:10     | Reached skill level 11 in Spellcasting
 13065 | D:10     | Reached XP level 11. HP: 73/92 MP: 26/26
 13439 | D:10     | Noticed a red ugly thing
 13445 | D:10     | Killed a red ugly thing
 13687 | D:10     | Found a staircase to the Orcish Mines.
 13891 | D:10     | Reached **** piety under Sif Muna
 14120 | Orc:1    | Entered Level 1 of the Orcish Mines
 14120 | Orc:1    | Found Aruss's Alliterative Armaments.
 14125 | Orc:1    | Noticed an orc sorcerer
 14819 | Orc:1    | Killed an orc sorcerer
 15183 | Orc:1    | Noticed an orc knight
 15187 | Orc:1    | Killed an orc knight
 16553 | Orc:2    | Entered Level 2 of the Orcish Mines
 16587 | Orc:2    | Noticed an orc knight
 17117 | Orc:1    | Killed an orc knight
 17652 | Orc:2    | Reached skill level 12 in Spellcasting
 17713 | Orc:2    | Noticed an orc sorcerer
 17716 | Orc:2    | Killed an orc sorcerer
 17717 | Orc:2    | Noticed an orc knight
 17726 | Orc:2    | Killed an orc knight
 17900 | Orc:2    | Noticed an orc sorcerer
 17918 | Orc:2    | Reached XP level 12. HP: 101/106 MP: 18/28
 17936 | Orc:2    | Reached skill level 10 in Fighting
 18235 | Orc:2    | Reached ***** piety under Sif Muna
 18240 | Orc:2    | Noticed an orc warlord
 18504 | Orc:1    | Demolished by an orc warlord

Illustrated notes

Levels and vault maps discovered:
D:1:      saegor_arrival_fortress, layout_rooms, grunt_decor_mini_mirrors,
          patterned_corridor
D:2:      minmay_wonky_spiral, layout_basic, ebering_ecumenical_altar_webs
D:3:      layout_loops_ring, mainiacjoe_overflow_tiny_flanked,
          minmay_misc_feat_five
D:4:      layout_basic, jmf_multi_god_temple2, tgw_sif,
          minmay_temple_entry_enclosed_plants, serial_library_hellmonk_u_bend
D:5:      layout_loops_ring
D:6:      layout_loops_ring, lemuel_crystal_altar, gup_sewer_entry_spiral,
          grunt_ministairs_2
D:7:      layout_cave_pods, kennysheep_nondescript, kennysheep_generic_room_9
D:8:      layout_rooms, minmay_splitting_lines, minmay_increasing_density,
          uniq_psyche, uniq_joseph
D:9:      layout_basic, erik_lair_orcish_takeover
D:10:     layout_roguey, david_orc_5, uniq_gastronok
D:11:     layout_loops_corners, nicolae_qazlal_general_emergency
Temple:   sentei_temple_godly_chess
Orc:1:    layout_caves, monkooky_shop_alliterative
Orc:2:    grunt_orc_cross, layout_caves

Skill      XL: |  1  2  3  4  5  6  7  8  9 10 11 12 |
---------------+-------------------------------------+-----
Conjurations   | 2 3 4 5 |  5.3
Spellcasting   | 3 4 5 8 9 11 12 | 12.2
Air Magic      | 4 4 5 |  5.1
Dodging        | 4 6 8 |  8.6
Fighting       | 4 7 9 10 | 10.1
Stealth        | |  1.7

Action                     |  1- 3 |  4- 6 |  7- 9 | 10-12 || total
---------------------------+-------+-------+-------+-------++-------
  Melee: Unarmed           |    17 |       |       |       ||    17
         Tailslap          |     7 |     2 |    33 |    21 ||    63
         Dagger            |    21 |    20 |   166 |       ||   207
         Punch             |       |       |     7 |     5 ||    12
         Demon blade       |       |       |    96 |   188 ||   284
   Cast: Shock             |    52 |    48 |    41 |    54 ||   195
         Static Discharge  |     2 |    20 |    64 |    35 ||   121
         Airstrike         |       |     2 |    13 |   151 ||   166
         Swiftness         |       |       |     2 |     4 ||     6
  Evoke: Wand              |       |       |       |     3 ||     3
    Use: Scroll            |     5 |       |     7 |     5 ||    17
         Potion            |       |       |     1 |       ||     1
   Stab: Sleeping          |     1 |     6 |     9 |       ||    16
         Distracted        |       |       |       |     1 ||     1
 Armour: Skin              |    34 |    38 |   350 |   299 ||   721
  Dodge: Dodged            |    23 |    14 |   207 |   238 ||   482
